 Dungeon Crawl Stone Soup version 0.27.0-65-ge2af304b15 (webtiles) character file.

Game seed: 3420520295107372219

11866 dtburroughs the Cleaver (level 11, 0/102 HPs)
             Began as a Minotaur Berserker on Aug 18, 2021.
             Was a High Priest of Trog.
             Slain by a 12-headed hydra (2 damage)
             ... on level 11 of the Dungeon.
             The game lasted 00:18:45 (13054 turns).

dtburroughs the Cleaver (Minotaur Berserker)       Turns: 13054, Time: 00:18:45

Health: 0/102      AC: 22    Str: 22    XL:     11   Next: 54%
Magic:  10/10      EV: 10    Int:  7    God:    Trog [*****.]
Gold:   645        SH:  5    Dex: 10    Spells: 10/10 levels left

rFire    + . .     SeeInvis +   b - +0 battleaxe
rCold    . . .     Faith    .   (shield currently unavailable)
rNeg     . . .     Spirit   .   n - +0 plate armour
rPois    .         Reflect  +   H - +2 hat
rElec    .         Harm     .   m - +0 cloak
rCorr    .         Rampage  .   O - +2 pair of gloves
Will     .....                  (no boots)
Stlth    ..........             s - amulet of reflection
HPRegen  0.27/turn              y - ring of see invisible
MPRegen  0.12/turn              w - ring of protection from fire

@: on berserk cooldown, slowed, very slow
A: horns 2, retaliatory headbutt
a: Renounce Religion, Berserk, Trog's Hand, Brothers in Arms


You were on level 11 of the Dungeon.
You worshipped Trog.
Trog was extremely pleased with you.
You visited 1 branch of the dungeon, and saw 11 of its levels.
You also visited: Sewer.

You collected 645 gold pieces.

Inventory:

Hand Weapons
 a - a +0 hand axe
 b - a +0 battleaxe (weapon)
 A - a +1 antimagic whip
 F - a +4 war axe
Missiles
 B - 2 throwing nets (quivered)
Armour
 m - a +0 cloak (worn)
 n - a +0 plate armour (worn)
 q - a +0 hat
 H - a +2 hat (worn)
 O - a +2 pair of gloves (worn)
Jewellery
 c - a ring of resist corrosion
 d - a +6 ring of strength
 p - a +6 ring of intelligence
 s - an amulet of reflection (around neck)
 w - a ring of protection from fire (right hand)
 y - a ring of see invisible (left hand)
 C - an amulet of faith
 J - the ring of Equivalence {rPois rC+ rN+ MP+9}
   (You found it on level 8 of the Dungeon)

   [ring of protection from cold]

   rC:        It protects you from cold.
   rPois:     It protects you from poison.
   rN:        It protects you from negative energy.
   MP:        It affects your magic capacity (+9).
Wands
 x - a wand of mindburst (16)
 L - a wand of paralysis (4)
 Q - a wand of iceblast (7)
Scrolls
 e - 3 scrolls of immolation {unknown}
 f - 6 scrolls of identify {unknown}
 g - 2 scrolls of noise {unknown}
 h - 3 scrolls of teleportation {unknown}
 j - 3 scrolls of enchant weapon {unknown}
 k - 3 scrolls of magic mapping {unknown}
 l - a scroll of holy word {unknown}
 r - a scroll of torment {unknown}
 t - a scroll of fear {unknown}
 D - a scroll of brand weapon {unknown}
 G - a scroll of fog {unknown}
 I - a scroll of acquirement {unknown}
 S - a scroll of vulnerability {unknown}
 T - a scroll of enchant armour {unknown}
Potions
 i - 4 potions of curing {unknown}
 o - 3 potions of magic {unknown}
 u - a potion of lignification {unknown}
 v - a potion of invisibility {unknown}
 z - a potion of ambrosia {unknown}
 E - a potion of cancellation {unknown}
 K - a potion of flight {unknown}
 M - a potion of berserk rage {unknown}
 N - a potion of haste {unknown}
 P - a potion of mutation {unknown}
 R - a potion of heal wounds {unknown}


   Skills:
 + Level 11.5 Fighting
 + Level 11.5 Axes
 + Level 11.2 Armour
 + Level 10.3 Dodging


You had 10 spell levels left.
You didn't know any spells.
Your spell library was empty.

Dungeon Overview and Level Annotations

Branches:
Dungeon (11/15)            Temple (0/1) D:7            Lair (0/6) D:8
    Orc (0/2) D:11          Sewer (visited)

Altars:
Gozag
Hepliaklqana
Makhleb
Uskayaw
Vehumet
Yredelemnul

Shops:
D:4 *   D:5 =   D:7 =![::   D:9 *


Innate Abilities, Weirdness & Mutations

You have a pair of horns on your head.
You reflexively headbutt those who attack you in melee.


Message History

You kill the yak!
Trog accepts your kill.
The 12-headed hydra bites you but does no damage. x2
The 12-headed hydra bites you.
* * * LOW HITPOINT WARNING * * *
The 12-headed hydra barely misses you. You block the 12-headed hydra's attack.
The 12-headed hydra bites you but does no damage.
The 12-headed hydra bites you.
* * * LOW HITPOINT WARNING * * *
The 12-headed hydra misses you.
The 12-headed hydra bites you but does no damage.
The 12-headed hydra bites you.
* * * LOW HITPOINT WARNING * * *
The 12-headed hydra barely misses you.
The 12-headed hydra bites you but does no damage.
The 12-headed hydra bites you!
* * * LOW HITPOINT WARNING * * *
The 12-headed hydra bites you.
* * * LOW HITPOINT WARNING * * *
The 12-headed hydra misses you.
The 12-headed hydra bites you but does no damage.
The 12-headed hydra barely misses you. The 12-headed hydra bites you.
* * * LOW HITPOINT WARNING * * *
The 12-headed hydra barely misses you. You block the 12-headed hydra's attack.
The 12-headed hydra bites you.
* * * LOW HITPOINT WARNING * * *
The 12-headed hydra bites you but does no damage.
The 12-headed hydra barely misses you. You block the 12-headed hydra's attack.
You feel a strong urge to attack something.
You feel your anger nearly subside.
You are no longer berserk.
You are exhausted.
You feel yourself slow down.
The 12-headed hydra bites you but does no damage.
The 12-headed hydra completely misses you.
The 12-headed hydra bites you but does no damage.
The 12-headed hydra bites you.
* * * LOW HITPOINT WARNING * * *
The 12-headed hydra bites you but does no damage.
The 12-headed hydra bites you.
You die...

.(..................
....................
.$..................
.........†..[.......
........>.....###...
...#.....#####.#...
#...........# ..
........†#####D#####...
............ #.@.......
.....?#...###
#.#####... ...##......
...# ..# #..#..###.#.#
## #..##.# ##### #..
#..


You could see a 12-headed hydra.

Vanquished Creatures
  Gastronok (D:8)
  3 two-headed ogres
  A deep elf pyromancer (D:11)
  A gargoyle (D:10)
  A kobold demonologist (D:10)
  3 centaur skeletons (D:11)
  A troll (D:11)
  Grinder (D:3)
  A centaur simulacrum (D:11)
  A wyvern (D:6)
  3 yaks (D:11)
  2 vampire mosquitoes (D:11)
  2 water moccasins
  7 orc warriors
  A sky beast (D:7)
  An ice beast (D:7)
  2 necrophages
  5 black bears
  4 centaurs
  A phantom (D:6)
  4 kobold brigands
  2 bullfrogs
  4 scorpions (D:6)
  A wyvern skeleton (D:6)
  2 water moccasin skeletons
  8 killer bees (D:9)
  10 wights
  4 howler monkeys
  3 centaur zombies
  A bullfrog zombie (D:6)
  A jelly (D:5)
  A gnoll shaman (D:7)
  6 orc priests
  2 hounds
  6 orc wizards
  A hound zombie (D:5)
  A hound skeleton (D:4)
  A howler monkey zombie (D:10)
  8 gnolls
  A howler monkey skeleton (D:4)
  4 adders
  2 shadow imps (D:5)
  3 ufetubi
  7 worms
  4 dart slugs
  14 orcs
  7 endoplasms
  10 giant cockroaches
  4 goblins
  6 hobgoblins
  20 jackals
  10 quokkas
  11 ball pythons
  10 bats
  6 frilled lizards
  24 kobolds
  A rat (D:1)
252 creatures vanquished.

Vanquished Creatures (others)
  A fungus (D:3)
  7 plants
8 creatures vanquished.

Grand Total: 260 creatures vanquished

Notes
Turn   | Place    | Note
-------+----------+-------------------------------------------
     0 | D:1      | dtburroughs the Minotaur Berserker began the quest for the
                  | Orb.
     0 | D:1      | Reached XP level 1. HP: 19/19 MP: 0/0
   251 | D:1      | Reached XP level 2. HP: 15/27 MP: 1/1
  1302 | D:1      | Reached XP level 3. HP: 15/33 MP: 2/2
  1313 | D:1      | Reached ** piety under Trog
  3020 | D:3      | Found a faded altar of an unknown god.
  3039 | D:3      | Reached XP level 4. HP: 21/40 MP: 3/3
  3272 | D:3      | Found a glowing drain.
  3288 | Sewer    | Entered a sewer
  3387 | Sewer    | Reached *** piety under Trog
  3446 | Sewer    | Reached XP level 5. HP: 47/47 MP: 4/4
  3558 | Sewer    | Identified the +6 halberd of Hospitality {vorpal, Str+6}
  4139 | D:3      | Noticed Grinder
  4146 | D:3      | Killed Grinder
  4147 | D:3      | Reached skill level 5 in Fighting
  4147 | D:3      | Reached skill level 5 in Axes
  4147 | D:3      | Reached XP level 6. HP: 56/56 MP: 5/5
  4393 | D:4      | Found Ibapial's Assorted Antiques.
  4565 | D:4      | Found a burning altar of Makhleb.
  4612 | D:4      | Noticed an orc warrior
  4618 | D:4      | Reached skill level 5 in Armour
  4622 | D:4      | Reached XP level 7. HP: 61/62 MP: 6/6
  4737 | D:4      | Reached skill level 5 in Dodging
  5162 | D:5      | Entered Level 5 of the Dungeon
  5187 | D:5      | Found Vuyjuydgh's Jewellery Emporium.
  5325 | D:5      | Found a basalt altar of Yredelemnul.
  5449 | D:5      | Found a radiant altar of Vehumet.
  5737 | D:5      | Reached XP level 8. HP: 71/71 MP: 7/7
  5814 | D:5      | Reached **** piety under Trog
  7392 | D:6      | Reached XP level 9. HP: 81/81 MP: 8/8
  7629 | D:7      | Found Cinebi's Book Shop.
  7749 | D:7      | Found Meizizac's Book Shop.
  7887 | D:7      | Found a hide-covered altar of Uskayaw.
  7961 | D:7      | Found a staircase to the Ecumenical Temple.
  8374 | D:7      | Found Pobbyjue's Armour Emporium.
  8392 | D:7      | Found Vuerakk's Jewellery Shop.
  8552 | D:7      | Found Ixuyg's Distillery.
  9324 | D:8      | Found a hazy altar of Hepliaklqana.
  9343 | D:8      | Noticed Gastronok
  9349 | D:8      | Found an opulent altar of Gozag.
  9380 | D:8      | Killed Gastronok
  9381 | D:8      | Reached XP level 10. HP: 92/92 MP: 9/9
  9489 | D:8      | Identified the ring of Equivalence {rPois rC+ rN+ MP+9}
  9650 | D:8      | Found a staircase to the Lair.
  9968 | D:9      | Reached skill level 10 in Fighting
 10298 | D:9      | Reached skill level 10 in Axes
 10454 | D:9      | Found Fedatohu's Gadget Gallery.
 10623 | D:10     | Entered Level 10 of the Dungeon
 10680 | D:10     | Reached ***** piety under Trog
 11253 | D:10     | Reached skill level 10 in Armour
 11295 | D:10     | Noticed a gargoyle
 11316 | D:10     | Killed a gargoyle
 11468 | D:10     | Noticed a two-headed ogre
 11484 | D:10     | Killed a two-headed ogre
 12080 | D:10     | Noticed a two-headed ogre
 12083 | D:10     | Killed a two-headed ogre
 12084 | D:10     | Reached XP level 11. HP: 92/101 MP: 10/10
 12273 | D:11     | Found a staircase to the Orcish Mines.
 12766 | D:11     | Noticed a two-headed ogre
 12775 | D:11     | Killed a two-headed ogre
 12823 | D:11     | Reached skill level 10 in Dodging
 12853 | D:11     | Noticed a deep elf pyromancer
 12868 | D:11     | Killed a deep elf pyromancer
 13035 | D:11     | Noticed an eight-headed hydra
 13054 | D:11     | HP: 2/102 [12-headed hydra (5)]
 13054 | D:11     | Slain by a 12-headed hydra

Illustrated notes

Levels and vault maps discovered:
D:1:      dpeg_arrival_rooms_with_view, layout_basic, serial_corexii_hall,
          corexii_hall_statues_u, corexii_hall_statues_deadend,
          chequers_hall_statues_corner_a, chequers_hall_statues_wall_a
D:2:      layout_loops_corners
D:3:      layout_loops_ring, portal_sewer_entry_f,
          dreamdust_ecumenical_altar_grove, uniq_grinder
D:4:      layout_basic, mainiacjoe_overflow_catwalk, serial_shops,
          nicolae_shop_overgrown_old_shop
D:5:      layout_basic, general_overflow_altar, nicolae_vehumet_altar_sigil,
          serial_shops, nicolae_shop_behind_doors,
          eino_small_chamber_without_monster, minivault_11
D:6:      layout_basic
D:7:      layout_basic, lemuel_round_altar, temple_statues, serial_shops, shop,
          nicolae_shop_trees, kennysheep_mini, nicolae_take_the_stairs, shop
D:8:      layout_basic, mainiacjoe_overflow_catwalk_spiral, lair_entry_dummy,
          uniq_gastronok
D:9:      layout_roguey, nicolae_shop_gadgets
D:10:     layout_grid_maze, hangedman_abyss_or_decor_lesser_grid
D:11:     layout_cave_pools, david_orc_3, minmay_misc_feat_square,
          grunt_decor_fettered, hangedman_weighted_door

Skill      XL: |  1  2  3  4  5  6  7  8  9 10 11 |
---------------+----------------------------------+-----
Axes           | 4 5 6 7 9 10 11 | 11.5
Fighting       | 4 5 6 7 9 10 11 | 11.5
Armour         | 3 4 5 6 7 9 10 11 | 11.2
Dodging        | 3 4 5 6 8 9 10 | 10.3

Action                   |  1- 3 |  4- 6 |  7- 9 | 10-12 || total
-------------------------+-------+-------+-------+-------++-------
Melee: Hand axe          |    95 |    84 |    19 |       ||   198
       Headbutt          |    18 |    14 |    49 |    41 ||   122
       Battleaxe         |       |       |   199 |   192 ||   391
Invok: Berserk           |       |     1 |     3 |     4 ||     8
       Trog's Hand       |       |     1 |     3 |       ||     4
 Stab: Sleeping          |     1 |       |       |       ||     1
Armor: Animal skin       |    30 |       |       |       ||    30
       Ring mail         |     8 |    27 |       |       ||    35
       Plate armour      |       |     5 |   142 |   217 ||   364
Dodge: Dodged            |    66 |    69 |   129 |   145 ||   409
Block: Other             |       |       |    13 |    81 ||    94
       Reflection        |       |       |     2 |     4 ||     6
